 Dungeon Crawl Stone Soup version 0.20.1-1-g8b1a95d (webtiles) character file.

9787 Haldmier the Grappler (level 11, -8/109 HPs)
             Began as a Troll Monk on Oct 15, 2017.
             Was a High Priest of Elyvilon.
             Killed from afar by Maurice (21 damage)
             ... with a wand of acid (?/15)
             ... on level 9 of the Dungeon.
             The game lasted 00:28:33 (9238 turns).

Haldmier the Grappler (Troll Monk)                  Turns: 9238, Time: 00:28:33

Health: -8/109     AC: -10   Str: 21    XL:     11   Next: 27%
Magic:  15/15      EV: 14    Int:  6    God:    Elyvilon [*****.]
Gold:   147        SH:  0    Dex: 15    Spells: 10/10 levels left

rFire    . . .     SeeInvis .     - Unarmed
rCold    . . .     Gourm    +   (no shield)
rNeg     . . .     Faith    .   a - +0 robe
rPois    .         Spirit   .   (helmet restricted)
rElec    .         Reflect  .   k - +0 cloak
rCorr    .         Harm     .   (gloves unavailable)
MR       ++...                  (boots unavailable)
Stlth    ++........             (no amulet)
Regen    0.7/turn               j - ring of protection from magic
MPRegen  0.2/turn               e - ring of protection from magic

@: corroded
A: unfitting armour, claws 3, fast metabolism 3, gourmand, regeneration 1,
shaggy fur 1, tough skin 2
a: Lesser Healing, Heal Other, Purification, Greater Healing, Divine Vigour,
Divine Protection, Renounce Religion


You were on level 9 of the Dungeon.
You worshipped Elyvilon.
Elyvilon was extremely pleased with you.
You were very full.

You visited 2 branches of the dungeon, and saw 10 of its levels.

You collected 337 gold pieces.
You spent 190 gold pieces at shops.

Inventory:

Hand Weapons
 C - a +1 hand axe of flaming
 G - a +2 scimitar of flaming
Missiles
 d - 243 stones
 m - 9 tomahawks (quivered)
 o - 7 exploding tomahawks
 D - 2 throwing nets
Armour
 a - a +0 robe (worn)
 k - a +0 cloak (worn)
Jewellery
 e - a ring of protection from magic (right claw)
 j - a ring of protection from magic (left claw)
 q - an uncursed ring of flight
 y - an uncursed ring of poison resistance
Wands
 h - a wand of iceblast (6/15)
 r - a wand of paralysis (9/24)
Scrolls
 c - 3 scrolls of identify
 f - 2 scrolls of recharging
 s - a scroll of enchant armour {unknown}
 u - 2 scrolls of remove curse
 v - 2 scrolls of teleportation
 F - a scroll of fog
Potions
 i - a potion of curing
 l - a potion of ambrosia
 t - a potion of resistance
 w - a potion of mutation
 z - a potion of agility
 A - a potion of berserk rage
 B - a potion of heal wounds {unknown}
Books
 p - a book of Air

   Spells                             Type                      Level
   a - Shock                          Conjuration/Air              1
   b - Swiftness                      Charms/Air                   2
   c - Static Discharge               Conjuration/Air              3
   d - Airstrike                      Air                          4
   e - Lightning Bolt                 Conjuration/Air              5
Comestibles
 b - 6 bread rations
 g - 4 meat rations
 n - 2 royal jellies
 x - 9 fruits
 E - 3 chunks of flesh


   Skills:
 + Level 7.3 Fighting
 + Level 7.2 Dodging
 - Level 1.0 Stealth
 * Level 11.3 Unarmed Combat
 + Level 7.1 Invocations


You had 10 spell levels left.
You didn't know any spells.

Dungeon Overview and Level Annotations

Branches:
Dungeon (9/15)             Temple (1/1) D:6
   Lair: D:8-11         Orc: D:9-12

Altars:
Ashenzari
Cheibriados
Dithmenos
Elyvilon
Fedhas
Gozag
Hepliaklqana
Kikubaaqudgha
Makhleb
Nemelex Xobeh
Okawaru
Qazlal
Ru
Sif Muna
Trog
Uskayaw
Vehumet
Xom
Yredelemnul
Zin
The Shining One

Shops:
D:4 (   D:5 !

Annotations:
D:1 Prison
D:8 Gastronok
D:9 Maurice


Innate Abilities, Weirdness & Mutations

You are too large for most types of armour.
You have claws for hands.
Your metabolism is lightning-fast.
You like to eat raw meat.
Your natural rate of healing is unusually fast.
You are covered in fur. (AC +1)
You have very tough skin. (AC +2)


Message History

The acid burns!
You hear some strange, mumbled words.
You hear a zap.
A bolt of acid appears from out of thin air!
The bolt of acid hits you! The acid corrodes you!
You are splashed with acid!
The acid burns!
You hear a zap.
A bolt of acid appears from out of thin air!
The bolt of acid hits you! The acid corrodes you!
You are splashed with acid!
The acid burns!
You hear a zap.
A bolt of acid appears from out of thin air!
The bolt of acid hits you!
* * * LOW HITPOINT WARNING * * *
The acid corrodes you!
You are splashed with acid!
The acid burns!
* * * LOW HITPOINT WARNING * * *
You hear a zap.
A bolt of acid appears from out of thin air!
The bolt of acid hits you!
You die...

......#.## ##)..#...##(#
#####....# #)#.## ..#..#
#....# ##...###.#.#.##
#.....##...##..#.....#
.......#..).#....# #..#
...........)......# #.##
..####.............####.#
# #............## #..#
...........@## #..##
....##.....# ##...###..
.... ##....####..........
... #....{....#####....
.. ##....##..## ##.
##..####..# #..# ##.#
#.## #.## #. ##.#


There were no monsters in sight!

Vanquished Creatures
  Erolcha (D:9)
  3 two-headed ogres
  Erica (D:9)
  The ghost of feelmyfire the Grappler, a novice DrTm of Makhleb (D:8)
  Pikel (D:7)
  Psyche (D:8)
  3 trolls (D:9)
  2 hippogriffs
  A hungry ghost (D:7)
  Edmund (D:4)
  Duvessa (D:4)
  A hornet zombie (D:8)
  4 orc warriors
  2 sky beasts
  2 slaves (D:7)
  A phantom (D:7)
  3 ogres
  4 centaurs
  Blork the orc (D:4)
  5 bullfrogs
  A gnoll sergeant (D:9)
  A wyvern zombie (D:6)
  Dowan (D:4)
  A scorpion (D:6)
  5 killer bees (D:9)
  11 wights
  3 crimson imps
  2 howler monkeys (D:7)
  6 hounds
  A jelly (D:5)
  Crazy Yiuf (D:3)
  6 orc priests
  5 orc wizards
  2 centaur skeletons (D:9)
  Jessica (D:3)
  3 iguanas
  Natasha (thrice) (D:4)
  5 worker ants
  A hound skeleton (D:4)
  A mummy (D:4)
  Robin (D:3)
  A worker ant zombie (D:9)
  8 adders
  4 shadow imps
  An ooze (D:1)
  3 adder skeletons
  2 worms
  3 dart slugs
  3 leopard geckos
  39 orcs
  3 ball pythons
  4 bats
  7 giant cockroaches
  11 goblins
  9 hobgoblins
  14 jackals
  3 quokkas
  A ball python skeleton (D:5)
  3 frilled lizards (D:1)
  A jackal skeleton (D:7)
  6 kobolds
  A quokka skeleton (D:4)
  6 rats
233 creatures vanquished.

Vanquished Creatures (others)
  A slave (D:7)
  A bullfrog (D:7)
  A worker ant (D:7)
3 creatures vanquished.

Grand Total: 236 creatures vanquished

Notes
Turn   | Place    | Note
-------+----------+-------------------------------------------
     0 | D:1      | Haldmier the Troll Monk began the quest for the Orb.
     0 | D:1      | Reached XP level 1. HP: 22/22 MP: 0/0
     2 | D:1      | Noticed a troll
     4 | D:1      | Noticed a human
     4 | D:1      | Noticed a dwarf
     6 | D:1      | Noticed a draconian
     6 | D:1      | Noticed a tengu
     8 | D:1      | Noticed a halfling
     8 | D:1      | Noticed an octopode
    10 | D:1      | Noticed a spriggan
    10 | D:1      | Noticed a formicid
    12 | D:1      | Noticed an ogre
    12 | D:1      | Noticed a naga
    14 | D:1      | Noticed a ghoul
    14 | D:1      | Noticed a merfolk
    16 | D:1      | Noticed a vine stalker
    18 | D:1      | Noticed a centaur
    18 | D:1      | Noticed a gargoyle
    20 | D:1      | Noticed a vampire
    20 | D:1      | Noticed a felid
    22 | D:1      | Noticed a demonspawn
    24 | D:1      | Noticed a demigod
    24 | D:1      | Noticed a minotaur
    26 | D:1      | Noticed an elf
   229 | D:1      | Reached XP level 2. HP: 29/29 MP: 1/1
   907 | D:2      | Found a white marble altar of Elyvilon.
   919 | D:2      | Became a worshipper of Elyvilon the Healer
   919 | D:2      | Reached * piety under Elyvilon
   919 | D:2      | Reached ** piety under Elyvilon
   963 | D:2      | Reached XP level 3. HP: 36/36 MP: 2/2
  1005 | D:2      | Found a shattered altar of Ashenzari.
  1231 | D:2      | Found an iron altar of Okawaru.
  1651 | D:3      | Reached skill level 4 in Unarmed Combat
  1658 | D:3      | Found a faded altar of an unknown god.
  1662 | D:3      | Noticed Jessica
  1668 | D:3      | Killed Jessica
  1668 | D:3      | Reached XP level 4. HP: 43/44 MP: 3/3
  1850 | D:3      | Reached XP level 5. HP: 53/53 MP: 4/4
  2074 | D:3      | Found a runed door.
  2078 | D:3      | Noticed Crazy Yiuf
  2083 | D:3      | Killed Crazy Yiuf
  2156 | D:3      | Noticed Robin
  2211 | D:3      | Killed Robin
  2211 | D:3      | Reached skill level 1 in Invocations
  2435 | D:4      | Reached *** piety under Elyvilon
  2442 | D:4      | Found a sand-covered staircase.
  2669 | D:4      | Reached XP level 6. HP: 48/61 MP: 6/6
  2732 | D:4      | Noticed Natasha
  2741 | D:4      | Killed Natasha
  2741 | D:4      | Reached skill level 5 in Unarmed Combat
  2774 | D:4      | Noticed Blork the orc
  2786 | D:4      | Killed Blork the orc
  2942 | D:4      | Found a sacrificial altar of Ru.
  3008 | D:4      | Noticed Natasha
  3018 | D:4      | Found Onkugitere's Antique Weapon Emporium.
  3026 | D:4      | Killed Natasha
  3100 | D:4      | Noticed Duvessa
  3100 | D:4      | Noticed Dowan
  3110 | D:4      | Killed Duvessa
  3110 | D:4      | Reached XP level 7. HP: 41/68 MP: 7/7
  3114 | D:4      | Killed Dowan
  3330 | D:4      | Noticed Edmund
  3339 | D:4      | Killed Edmund
  3339 | D:4      | Reached skill level 6 in Unarmed Combat
  3564 | D:4      | Found Onkugitere's Antique Weapon Emporium.
  3776 | D:4      | Noticed Natasha
  3781 | D:4      | Killed Natasha
  3793 | D:5      | Entered Level 5 of the Dungeon
  4076 | D:5      | Found Ocis's Distillery.
  4079 | D:5      | Bought a potion of resistance for 100 gold pieces
  4079 | D:5      | Bought a potion of agility for 40 gold pieces
  4079 | D:5      | Bought a potion of berserk rage for 50 gold pieces
  4135 | D:5      | Reached **** piety under Elyvilon
  4144 | D:5      | Reached XP level 8. HP: 69/78 MP: 9/9
  4440 | D:6      | Reached skill level 7 in Unarmed Combat
  4548 | D:6      | Found a deep blue altar of Sif Muna.
  4549 | D:6      | Found an opulent altar of Gozag.
  4618 | D:6      | Reached skill level 5 in Dodging
  4776 | D:6      | Found a staircase to the Ecumenical Temple.
  4901 | Temple   | Entered the Ecumenical Temple
  5167 | D:7      | Found a snail-covered altar of Cheibriados.
  5167 | D:7      | Reached ***** piety under Elyvilon
  5223 | D:7      | Reached skill level 5 in Fighting
  5227 | D:7      | Reached XP level 9. HP: 83/88 MP: 11/11
  5240 | D:7      | Reached skill level 8 in Unarmed Combat
  5634 | D:7      | Noticed Pikel
  5654 | D:7      | Killed Pikel
  5654 | D:7      | Reached skill level 5 in Invocations
  5740 | D:7      | Reached skill level 9 in Unarmed Combat
  6729 | D:8      | Noticed feelmyfire's ghost (novice DrTm)
  6833 | D:8      | Noticed Psyche
  6840 | D:8      | Killed Psyche
  6840 | D:8      | Reached XP level 10. HP: 81/98 MP: 13/13
  6863 | D:8      | Noticed Gastronok
  7156 | D:8      | Killed feelmyfire's ghost
  7187 | D:9      | Found a hazy altar of Hepliaklqana.
  7188 | D:9      | Reached skill level 10 in Unarmed Combat
  7749 | D:9      | HP: 5/100 [troll (5)]
  7942 | D:8      | Noticed a two-headed ogre
  7952 | D:8      | Killed a two-headed ogre
  8047 | D:8      | Found a radiant altar of Vehumet.
  8062 | D:9      | Noticed Erica
  8071 | D:9      | Killed Erica
  8233 | D:9      | Noticed Erolcha
  8250 | D:9      | Killed Erolcha
  8418 | D:9      | Noticed a two-headed ogre
  8489 | D:9      | Reached XP level 11. HP: 78/109 MP: 15/15
  8564 | D:9      | Noticed a two-headed ogre
  8653 | D:9      | Killed a two-headed ogre
  8653 | D:9      | Reached skill level 11 in Unarmed Combat
  9018 | D:9      | Noticed a two-headed ogre
  9030 | D:9      | Killed a two-headed ogre
  9217 | D:9      | Noticed Maurice
  9238 | D:9      | Killed from afar by Maurice

Skill      XL: |  1  2  3  4  5  6  7  8  9 10 11 |
---------------+----------------------------------+-----
Unarmed Combat | 4 5 6 7 9 10 11 | 11.3
Dodging        | 3 4 5 6 7 |  7.2
Fighting       | 3 4 5 6 7 |  7.3
Invocations    | 1 2 3 4 5 6 7 |  7.1
Stealth        | |  1.0

Action                   |  1- 3 |  4- 6 |  7- 9 | 10-12 || total
-------------------------+-------+-------+-------+-------++-------
Melee: Unarmed           |    91 |   139 |   316 |   217 ||   763
       Punch             |     1 |     1 |     8 |    13 ||    23
Throw: Tomahawk          |       |     2 |     7 |    17 ||    26
Invok: Greater Healing   |       |       |     1 |       ||     1
       Heal Other        |       |       |     1 |       ||     1
  Use: Scroll            |     5 |       |     8 |       ||    13
 Stab: Sleeping          |     6 |     1 |     5 |     2 ||    14
  Eat: Chunk             |    21 |    13 |    37 |    22 ||    93
Armor: Robe              |    30 |    31 |    67 |    34 ||   162
Dodge: Dodged            |    52 |    53 |   160 |   118 ||   383
